 Dungeon Crawl Stone Soup version 0.28.0-53-g5a82cb258f (webtiles) character file.

Game seed: 9069171206318329944

25 Plasmagod the Magician (level 3, -1/25 HPs)
             Began as a Djinni Earth Elementalist on July 19, 2022.
             Slain by Natasha (8 damage)
             ... on level 2 of the Dungeon.
             The game lasted 00:02:48 (1230 turns).

Plasmagod the Magician (Djinni Earth Elementalist)  Turns: 1230, Time: 00:02:49

Health: -1/25      AC:  2    Str:  7    XL:     3   Next: 20%
Gold:   65         EV: 12    Int: 18    God:
                   SH:  0    Dex: 13

rFire   + + .      SeeInvis .   (no weapon)
rCold   x . .      Faith    .   (no shield)
rNeg    . . .      Spirit   .   b - +0 robe
rPois   ∞          Reflect  .   (no helmet)
rElec   .          Harm     .   (no cloak)
rCorr   .          Rampage  .   (no gloves)
Will    .....                   (boots unavailable)
Stlth   ++........              (no amulet)
HPRegen 0.08/turn               (no ring)
MPRegen 0.00/turn               (no ring)

@: flying
A: sickness immunity, fire resistance 2, cold vulnerability 1, float, innate
caster, HP casting, extra vitality 1
a: no special abilities


You were on level 2 of the Dungeon.
You visited 1 branch of the dungeon, and saw 2 of its levels.

You collected 65 gold pieces.

Inventory:

Missiles
 c - 52 stones
Armour
 b - a +0 robe (worn)
Scrolls
 a - 2 scrolls of teleportation {unknown}
 d - 2 scrolls of amnesia {unknown}
 f - a scroll of identify {unknown}
Potions
 e - a potion of curing {unknown}
 g - a potion of might {unknown}
 h - 2 potions of lignification {unknown}


   Skills:
 + Level 2.4 Dodging
 + Level 1.7 Stealth
 + Level 3.1 Spellcasting


You couldn't memorise any spells.
You knew the following spells:

 Your Spells              Type           Power      Damage    Failure   Level
a - Sandblast             Erth           28%        2d8       4%          1
b - Passwall              Tmut/Erth      11%        N/A       7%          2
c - Stone Arrow           Conj/Erth      28%        3d8       13%         3
d - Petrify               Tmut/Erth      14%        N/A       41%         4
e - Summon Small Mammal   Summ           56%        N/A       4%          1
Your spell library was empty.

Dungeon Overview and Level Annotations

Branches:
Dungeon (2/15)

Altars:

Annotations:
D:2 Natasha


Innate Abilities, Weirdness & Mutations

You are immune to sickness and miasma.
You are immune to poison.
Your flesh is very heat resistant. (rF++)
You are vulnerable to cold. (rC-)
You float through the air rather than walking.
You learn spells naturally, not from books.
Your magical power is your life essence.
You have superior vitality. (+4 MHP)


Message History

Natasha casts a spell at you. The magic dart hits you.
Aiming: Sandblast (safe; 4% risk of failure)
Press: ? - help, Q - select action, (/) - cycle Shift-Dir - straight line, f - adder
Aim: an adder (66% to hit)
The blast of sand hits the adder.
The adder is lightly wounded.
Natasha wildly gestures.
Natasha glows brightly for a moment.
Aiming: Sandblast (safe; 4% risk of failure)
Press: ? - help, Q - select action, (/) - cycle Shift-Dir - straight line, f/p - adder
Aim: an adder (lightly wounded, 66% to hit)
The blast of sand hits the adder.
The adder is heavily wounded.
The adder bites you but does no damage.
Aiming: Sandblast (safe; 4% risk of failure)
Press: ? - help, Q - select action, (/) - cycle Shift-Dir - straight line, f/p - adder
Aim: an adder (heavily wounded, 66% to hit)
The blast of sand hits the adder but does no damage.
The adder is heavily wounded.
The adder barely misses you.
Natasha wildly gestures.
Natasha's front paws start to glow.
Natasha closely misses you.
Aiming: Sandblast (safe; 4% risk of failure)
Press: ? - help, Q - select action, (/) - cycle Shift-Dir - straight line, f/p - adder
Aim: an adder (heavily wounded, 66% to hit)
The blast of sand hits the adder.
The adder is heavily wounded.
The adder misses you.
Natasha stares at you and mumbles some strange words.
The magic dart hits you. The adder bites you.
Aiming: Sandblast (safe; 4% risk of failure)
Press: ? - help, Q - select action, (/) - cycle Shift-Dir - straight line, f/p - adder
Aim: an adder (heavily wounded, 66% to hit)
The blast of sand hits the adder.
The adder is severely wounded.
* * * LOW HITPOINT WARNING * * *
Natasha claws you!
You die...

..#..########
#.#.........#####
#.#.#............
#######.#.#.#####.#####
.......................
#####..#.#.#####.#.###
####..#.#..........##
##.#.......##......#..#
.......@...#.......#..#
......hS...#......†#..#
...........#.......#..#
##.#.......#.###.#.#..##
#.#.............#.#..#.
# #........<...........
##+####.#######....#.
............#.
#######...##.


You could see Natasha and an adder.

Vanquished Creatures
  A dart slug (D:1)
  A bat (D:1)
  2 endoplasms
  4 giant cockroaches
  A hobgoblin (D:1)
  A quokka (D:2)
  4 ball pythons
  3 frilled lizards
  3 kobolds
  4 rats
24 creatures vanquished.

Notes
Turn   | Place    | Note
-------+----------+-------------------------------------------
     0 | D:1      | Plasmagod the Djinni Earth Elementalist began the quest for
                  | the Orb.
     0 | D:1      | Reached XP level 1. HP: 15/15 MP: 0/0
   233 | D:1      | Reached XP level 2. HP: 19/21 MP: 0/0
   763 | D:2      | Found a faded altar of an unknown god.
   801 | D:2      | Reached skill level 3 in Spellcasting
   930 | D:2      | Reached XP level 3. HP: 21/25 MP: 0/0
   930 | D:2      | Learned a level 1 spell: Summon Small Mammal
  1223 | D:2      | Noticed Natasha
  1230 | D:2      | Slain by Natasha

Illustrated notes

Levels and vault maps discovered:
D:1:      matt_arrival_refuge, layout_rooms
D:2:      layout_basic, nicolae_ecumenical_oubliette, basic_altar,
          hangedman_decor_growths, uniq_natasha

Skill      XL: |  1  2 |
---------------+-------+-----
Spellcasting   | 3 |  3.1
Dodging        | |  2.4
Stealth        | |  1.7

Action                   || total
-------------------------++-------
 Cast: Sandblast         ||    44
       Passwall          ||     2
Armor: Robe              ||     3
Dodge: Dodged            ||     9
